 Dungeon Crawl Stone Soup version 0.18-a0-183-gad09a0e (webtiles) character file.

114 patman the Cudgeler (level 4, -1/35 HPs)
             Began as a Mummy Berserker on Nov 23, 2015.
             Was a Priest of Trog.
             Slain by a hound (2 damage)
             ... on level 4 of the Dungeon.
             The game lasted 00:04:15 (3285 turns).

patman the Cudgeler (Mummy Berserker)               Turns: 3285, Time: 00:04:15

Health: -1/35      AC:  2    Str: 20    XL:     4   Next: 67%
Magic:  4/4        EV: 12    Int:  6    God:    Trog [***...]
Gold:   226        SH:  0    Dex: 12    Spells: 0 memorised, 3 levels left

rFire  x . .     SeeInvis +     a - +0 mace
rCold  + . .     Clarity  .     b - +0 animal skin
rNeg   + + +     SustAt   .     (no shield)
rPois  ∞         Gourm    .     (no helmet)
rElec  .         Spirit   .     (no cloak)
rCorr  .         Warding  .     (no gloves)
rMut   .         Stasis   .     (no boots)
MR     .....                    (no amulet)
Stlth  +.........               (no ring)
                                j - ring of see invisible

@: not resistant to hostile enchantments, very unstealthy
A: no food or potions, fire vulnerability, cold resistance 1, negative energy
resistance 3, torment resistance, unbreathing
a: Trog's Hand, Burn Spellbooks, Renounce Religion


You were on level 4 of the Dungeon.
You worshipped Trog.
Trog was most pleased with you.
You were not hungry.

You visited 1 branch of the dungeon, and saw 4 of its levels.

You collected 226 gold pieces.

Inventory:

Hand Weapons
 a - a +0 mace (weapon)
Missiles
 d - 15 tomahawks (quivered)
 f - 61 stones
 i - a throwing net
Armour
 b - a +0 animal skin (worn)
Jewellery
 j - a ring of see invisible (left hand)
Scrolls
 c - 2 scrolls of amnesia
 e - a scroll of recharging
 g - 2 scrolls of teleportation
 h - a scroll of magic mapping {unknown}


   Skills:
 - Level 3.0 Fighting
 + Level 4.5 Maces & Flails
 - Level 1.5 Armour
 - Level 1.5 Dodging


You had 3 spell levels left.
You didn't know any spells.

Dungeon Overview and Level Annotations

Branches:
Dungeon (4/15)
 Temple: D:4-7

Altars:
Gozag
Ru
Sif Muna


Innate Abilities, Weirdness & Mutations

You do not eat or drink.
Your flesh is vulnerable to fire.
You are immune to poison.
Your flesh is cold resistant.
You are immune to negative energy.
You are immune to unholy pain and torment.
You can survive without breathing.


Message History

You are too injured to fight recklessly!
You are too injured to fight recklessly!
You are too injured to fight recklessly!
You are too injured to fight recklessly!
You are too injured to fight recklessly!
You hit the hound.
The hound is almost dead.
The hound bites you.
* * * LOW HITPOINT WARNING * * *
The adder bites you.
* * * LOW HITPOINT WARNING * * *
The hound bites you.
* * * LOW HITPOINT WARNING * * *
The adder barely misses you. The hound misses you.
Found a scroll labeled BIMMA ARUT.
The hound bites you.
* * * LOW HITPOINT WARNING * * *
The adder bites you but does no damage. The hound bites you.
You die...

............#
#.#..........#
..#..........+
...##.....(..#
.............#
.###.#.........#
.....#.........#
#...##hS######
#....@..+
...##.#...#
....#...#
...#..##.#
..?##.....#########
.. #..............#
. #..............#
#..............#
#..............#


You could see a hound and an adder.

Vanquished Creatures
  3 adders (D:2)
  An ooze (D:4)
  3 worms
  5 orcs
  7 bats
  4 giant cockroaches
  9 hobgoblins
  A quokka (D:2)
  A ball python (D:1)
  3 giant newts
  6 goblins
  7 jackals
  6 kobolds
  10 rats
66 creatures vanquished.

Vanquished Creatures (others)
  4 toadstools (D:1)
4 creatures vanquished.

Grand Total: 70 creatures vanquished

Notes
Turn   | Place    | Note
--------------------------------------------------------------
     0 | D:1      | patman the Mummy Berserker began the quest for the Orb.
     0 | D:1      | Reached XP level 1. HP: 18/18 MP: 1/1
   245 | D:1      | Reached XP level 2. HP: 21/24 MP: 2/2
   846 | D:2      | Found a sacrificial altar of Ru.
   862 | D:2      | Reached XP level 3. HP: 15/29 MP: 3/3
  1374 | D:2      | Reached ** piety under Trog
  1508 | D:2      | Found a deep blue altar of Sif Muna.
  1670 | D:2      | Found an opulent altar of Gozag.
  1703 | D:2      | Reached skill level 4 in Maces & Flails
  1804 | D:2      | Reached XP level 4. HP: 24/35 MP: 4/4
  3075 | D:3      | Reached *** piety under Trog
  3222 | D:4      | Noticed a sky beast
  3284 | D:4      | HP: 1/35 [hound (3)]
  3285 | D:4      | Slain by a hound

Vault maps used:
D:1:      ldierk_walled_garden_2
D:2:      nicolae_ru_awakened_eye, lemuel_doored_altar, grunt_gozag_statues,
          minmay_strange_pillars
D:4:      elyvilon_altar_4, minmay_temple_entry_trees, minivault_27,
          hangedman_decor_points, kennysheep_nub, uniq_grinder

Action                   |  1- 3 |  4- 6 || total
-------------------------+-------+-------++-------
Melee: Mace              |   144 |   101 ||   245
  Use: Scroll            |     3 |       ||     3
